AoeStats
← _LY_抖音肥龙

African Clearing

506872583Analyzed
4v4 RM · 16d ago on Sep 15, 2026· 46m 45s· 8 players
Game mode
Random Map
Map size
Large (8 player)
Population
200
Speed
Normal
Resources
Standard
Victory
Conquest
Starting age
Dark Age
Ending age
Imperial Age
RankedLock teamsTeams togetherTeam positionsShared explorationLock speedFull tech treeHidden civsTurbo modeCheats
Victory
Defeat
🇭🇰 Byzantines · Hong Kong SAR China
1826
+9
🇩🇪 Wei · Germany
1664
+15
🇨🇳 Berbers · China
1569
+20
🇨🇳 Persians · China
1569
+19
🇨🇳 Mongols · China
1707
-18
🇨🇳 Hindustanis · China
1688
-17
🇨🇳 Muisca · China
1685
-17
🇦🇷 Vietnamese · Argentina
1530
-11
兰博基尼
11:26 Loom
13:12 Feudal Age
17:43 Castle Age
16:17 Double-Bit Axe
19:18 Bow Saw
19:42 Fishing Lines
23:35 Fletching
25:28 Bodkin Arrow
27:31 Ballistics
28:03 Wheelbarrow
27:21 Horse Collar
30:22 Bloodlines
30:12 Husbandry
35:11 Imperial Age
32:27 Town Watch
33:15 Padded Archer Armor
33:07 Gold Mining
33:07 Stone Mining
34:15 Leather Archer Armor
34:06 Gillnets
35:47 Thumb Ring
36:04 Elite Mangudai
37:29 Bracer
38:40 Chemistry
38:21 Conscription
39:07 Scale Barding Armor
39:37 Parthian Tactics
45:15 Hoardings
44:38 Murder Holes
44:50 Siege Engineers
44:55 Masonry
愈演愈裂
13:53 Feudal Age
12:33 Loom
17:57 Castle Age
16:47 Double-Bit Axe
18:57 Bow Saw
19:41 Horse Collar
19:48 Demolition Ship
20:11 Fishing Lines
21:33 Wheelbarrow
24:11 Gold Mining
25:29 Town Watch
27:41 Scale Barding Armor
27:47 Forging
30:12 Imperial Age
28:47 Heavy Plow
29:31 Bloodlines
29:21 Husbandry
29:43 Chain Barding Armor
29:58 Iron Casting
30:29 Hand Cart
30:27 Heavy Camel Rider
31:47 Gold Shaft Mining
31:50 Conscription
32:10 Coinage
32:19 Plate Barding Armor
32:40 Imperial Camel Rider
35:22 Blast Furnace
34:15 Fletching
34:26 Padded Archer Armor
39:05 Grand Trunk Road
45:09 Hoardings
天崩地裂
10:46 Loom
12:46 Feudal Age
13:39 Town Watch
16:38 Castle Age
14:56 Double-Bit Axe
19:35 Wheelbarrow
29:05 Bow Saw
29:30 Horse Collar
30:15 Heavy Plow
35:59 Imperial Age
33:48 Gold Mining
34:50 Scale Barding Armor
34:37 Stone Mining
35:35 Hand Cart
36:06 Bloodlines
36:22 Husbandry
36:44 Chain Barding Armor
37:17 Forging
36:52 Elite Battle Elephant
39:31 Iron Casting
41:17 Plate Barding Armor
43:19 Chatras
木龟硬挂帅
11:09 Loom
14:00 Feudal Age
18:03 Castle Age
16:31 Double-Bit Axe
18:10 Fletching
18:14 Stone Mining
20:51 Bow Saw
23:19 Pikeman
27:24 Bodkin Arrow
27:42 Horse Collar
29:37 Wheelbarrow
36:59 Padded Archer Armor
39:19 Ballistics
40:43 Murder Holes
42:01 Scale Mail Armor
46:39 Chain Mail Armor
46:34 Forging
_LY_抖音肥龙
13:55 Feudal Age
17:40 Castle Age
15:54 Double-Bit Axe
16:33 Fishing Lines
18:44 Bow Saw
19:30 Gillnets
22:19 Horse Collar
24:51 Wheelbarrow
25:29 Heavy Plow
25:18 Loom
26:27 Hand Cart
26:48 Stone Mining
26:49 Gold Mining
30:56 Imperial Age
29:29 Gold Shaft Mining
29:32 Scale Barding Armor
30:35 Chain Barding Armor
30:23 Husbandry
32:40 Two-Man Saw
32:02 Conscription
31:54 Guilds
33:18 Plate Barding Armor
33:27 Forging
33:14 Elite Cataphract
34:42 Iron Casting
34:54 Logistica
36:56 Ballistics
36:16 Treadmill Crane
36:58 Ballistics
37:27 Scale Mail Armor
36:48 Pikeman
37:29 Squires
38:30 Chemistry
37:26 Murder Holes
38:08 Hoardings
37:17 Halberdier
39:44 Chain Mail Armor
41:58 Plate Mail Armor
yuyuyuyuyu
7:37 Loom
12:36 Feudal Age
13:53 Double-Bit Axe
16:12 Castle Age
14:26 Horse Collar
17:19 Bow Saw
18:41 Wheelbarrow
22:58 Heavy Plow
24:48 Gold Mining
26:17 Hand Cart
27:05 Bloodlines
27:38 Husbandry
28:28 Scale Barding Armor
29:31 Gold Shaft Mining
29:57 Chain Barding Armor
30:58 Town Watch
33:52 Imperial Age
32:27 Masonry
32:56 Fletching
33:19 Forging
33:17 Town Patrol
33:37 Cavalier
34:54 Plate Barding Armor
34:16 Heavy Camel Rider
36:26 Two-Man Saw
35:57 Crop Rotation
36:20 Iron Casting
35:43 Savar
36:58 Stone Mining
36:41 Pikeman
37:21 Squires
37:06 Arson
37:23 Scale Mail Armor
38:49 Blast Furnace
38:17 Bodkin Arrow
38:39 Chain Mail Armor
38:51 Ballistics
39:31 Chemistry
38:56 Halberdier
40:21 Conscription
40:57 Elite War Elephant
42:48 Plate Mail Armor
43:00 Guilds
45:27 Stone Shaft Mining
45:32 Architecture
45:53 Capped Ram
Bo Zhi Shang
4:21 Loom
12:54 Feudal Age
17:50 Double-Bit Axe
20:11 Castle Age
20:32 Fletching
21:14 Bow Saw
22:54 Bodkin Arrow
23:59 Town Watch
32:23 Wheelbarrow
31:54 Horse Collar
34:29 Hand Cart
37:05 Imperial Age
40:39 Bloodlines
40:29 Husbandry
41:17 Bracer
41:18 Padded Archer Armor
42:55 Ballistics
43:36 Chemistry
44:55 Conscription
44:37 Kasbah
45:40 Thumb Ring
46:10 Cavalier
47:02 Scale Barding Armor
47:08 Forging
Mojo Jojo
9:32 Loom
12:34 Feudal Age
13:11 Double-Bit Axe
13:07 Horse Collar
13:20 Gold Mining
15:10 Wheelbarrow
18:18 Castle Age
16:58 Stone Mining
19:24 Bow Saw
19:55 Gold Shaft Mining
21:36 Scale Barding Armor
22:30 Gold Shaft Mining
26:21 Chain Barding Armor
26:19 Bloodlines
28:26 Light Cavalry
30:43 Forging
32:17 Husbandry
33:08 Pikeman
35:04 Town Watch
38:53 Iron Casting
38:39 Hand Cart
39:41 Stone Shaft Mining
42:55 Imperial Age
43:16 Squires
43:20 Scale Mail Armor
43:35 Elite Tiger Cavalry
44:37 Conscription
Connection lost

Rejoining the realm…

Still unreachable

The connection could not be restored.

Session expired

The server has moved on; the page needs a fresh start.